 Dungeon Crawl Stone Soup version 0.13-a0-2538-gc238810 (webtiles) character file.

200 Juliette the Skirmisher (level 4, 0/40 HPs)
             Began as a Hill Orc Fighter on July 28, 2013.
             Slain by an agate snail (10 damage)
             ... on Level 2 of the Dungeon.
             The game lasted 00:06:06 (1351 turns).

Juliette the Skirmisher (Hill Orc Fighter)          Turns: 1351, Time: 00:06:06

HP   0/40        AC  8     Str 23      XL: 4   Next:  4%
MP   3/3         EV  9     Int  8      God:
Gold 140         SH  9     Dex 10      Spells:  0 memorised,  3 levels left

Res.Fire  : . . .   See Invis. : .   a - +0 orc mace
Res.Cold  : . . .   Warding    : .   b - +0 orc scale mail
Life Prot.: . . .   Conserve   : .   t - +0 buckler
Res.Poison: .       Res.Corr.  : .   (no helmet)
Res.Elec. : .       Clarity    : .   (no cloak)
Sust.Abil.: . .     Spirit.Shd : .   f - +0 pair of gauntlets
Res.Mut.  : .       Stasis     : .   (no boots)
Res.Rott. : .       Flight     : .   (no amulet)
Saprovore : + . .                    (no ring)
                                     u - +4 ring of strength

@: slightly resistant to hostile enchantments, extremely unstealthy
A: saprovore 1
a: no special abilities


You were on level 2 of the Dungeon.
You were hungry.

You visited 1 branch of the dungeon, and saw 2 of its levels.

You collected 120 gold pieces.

Inventory:

Hand weapons
 a - a +0,+0 orcish mace (weapon)
Armour
 b - a +0 orcish scale mail (worn)
 c - a +0 orcish shield
 f - a +0 pair of gauntlets (worn)
 t - a +0 buckler (worn)
Comestibles
 d - a meat ration
 p - a choko
 q - a lemon
 x - a rotting chunk of adder flesh
Scrolls
 e - a scroll of curse jewellery {unknown}
 i - 5 scrolls of identify {unknown}
 j - 2 scrolls of enchant armour {unknown}
 k - a scroll of curse armour {unknown}
 m - a scroll of remove curse {unknown}
 n - a scroll of random uselessness {unknown}
 o - a scroll of enchant weapon II {unknown}
 r - a scroll of enchant weapon I {unknown}
 v - a scroll of teleportation {unknown}
Jewellery
 u - a +4 ring of strength (left hand)
 y - a +2 ring of strength
Potions
 g - 2 potions of brilliance {unknown}
 h - 2 potions of heal wounds {unknown}
 l - a potion of confusion {unknown}
 s - a potion of invisibility {unknown}
 z - a potion of mutation {unknown}


   Skills:
 - Level 5.0 Fighting
 - Level 2.1 Maces & Flails
 - Level 4.0 Armour
 * Level 3.5 Shields


You had 3 spell levels left.
You didn't know any spells.

Dungeon Overview and Level Annotations

Branches:
Dungeon (2/27)

Altars:


Innate Abilities, Weirdness & Mutations

You can tolerate rotten meat.


Message History

The agate snail bites you.
* * * LOW HITPOINT WARNING * * *
You hit the agate snail.
The agate snail is heavily wounded.
You sock the agate snail!
The agate snail is heavily wounded.
The agate snail bites you.
* * * LOW HITPOINT WARNING * * *
You sock the agate snail!
The agate snail is severely wounded.
You hit the agate snail but do no damage.
The agate snail is severely wounded.
The agate snail bites you.
* * * LOW HITPOINT WARNING * * *
You hit the agate snail but do no damage.
The agate snail is severely wounded.
You hit the agate snail.
The agate snail is severely wounded.
The agate snail bites you!
You die...

# ## .# ###########
.#######.........###
.........##....j@..## #####
##...###.#..######..# #...#
##...# #.#.##j...##.# #...#
.....###)#.#.####.#.######...####
...........#. #.#.............#
########.#.#. #.#.##...######.#
#.#.#. #.#.##..)# #.# #.#.##
##.#.##...## #.#
#.#..####.##.##....# #.#


You could see an agate snail.

Vanquished Creatures
  3 adders (D:2)
  A giant gecko (D:1)
  A giant cockroach (D:1)
  4 goblins
  9 hobgoblins
  3 kobolds
  6 bats
  2 giant newts
  2 rats
31 creatures vanquished.

Notes
Turn   | Place    | Note
--------------------------------------------------------------
     0 | D:1      | Juliette, the Hill Orc Fighter, began the quest for the Orb.
     0 | D:1      | Reached XP level 1. HP: 19/19 MP: 0/0
   191 | D:1      | Reached skill level 4 in Fighting
   195 | D:1      | Reached XP level 2. HP: 25/27 MP: 1/1
   694 | D:2      | Reached XP level 3. HP: 33/33 MP: 2/2
   701 | D:2      | Reached skill level 5 in Fighting
  1060 | D:2      | Noticed an agate snail
  1101 | D:2      | Reached XP level 4. HP: 27/40 MP: 3/3
  1351 | D:2      | Slain by an agate snail

Action                   |  1- 3 |  4- 6 || total
-------------------------+-------+-------++-------
Melee: Mace              |   111 |    50 ||   161
